[Event "Rapid della Domenica"]
[Site "Chess.com"]
[Date "2020.04.19"]
[Round "1"]
[White "FrancescoZasa"]
[Black "sirmale49"]
[Result "0-1"]
[WhiteElo "745"]
[BlackElo "1375"]
[TimeControl "720+3"]
[EndTime "6:08:43 PDT"]
[Termination "sirmale49 ha vinto per scaccomatto"]

1. d4 Nf6 2. Nf3 g6 3. Nc3 Bg7 4. e4 O-O 5. Bc4 d6 6. O-O Nc6 7. a3 Bg4 8. h3 Bd7 9. g4 Na5 10. Bd3 Ne8 11. b4 Nc6 12. Bf4 Nxd4 13. Nxd4 Bxd4 14. Rb1 Bxc3 15. Bh6 Ng7 16. a4 e5 17. Bb5 Bxb5 18. axb5 Qf6 19. f3 Bd4+ 20. Kh1 Qh4 21. Qe1 Qxh3# 0-1

[Event "Rapid della Domenica"]
[Site "Chess.com"]
[Date "2020.04.19"]
[Round "1"]
[White "caramante"]
[Black "fausto2p"]
[Result "1-0"]
[WhiteElo "1462"]
[BlackElo "922"]
[TimeControl "720+3"]
[EndTime "6:10:05 PDT"]
[Termination "caramante ha vinto per abbandono"]

1. Nf3 Nf6 2. d4 d5 3. g3 e6 4.
c3 c5 5. Bg2 Nc6 6. Bg5 h6 7.
Bxf6 Qxf6 8. O-O Bd6 9. Nbd2 O-O 10. e4 dxe4 11. Nxe4 Qe7 12. Nxd6 Qxd6 13. dxc5 Qxc5 14. Re1 Rb8 15. Qe2 Re8 16. Rad1 b6 17. Nd4 Nxd4 18. Rxd4 Bb7 19. Red1 Bxg2 20. Kxg2 Qc6+ 21. Kg1 Rbc8 22.
Rd6 Qa4 23. a3 Qa6 24. Qxa6 1-0

[Event "Rapid della Domenica"]
[Site "Chess.com"]
[Date "2020.04.19"]
[Round "1"]
[White "crippo"]
[Black "OMatteoWuO"]
[Result "1-0"]
[WhiteElo "1622"]
[BlackElo "1165"]
[TimeControl "720+3"]
[EndTime "6:11:35 PDT"]
[Termination "crippo ha vinto per abbandono"]

1. e4 c5 2. Nc3 Nc6 3. Nf3 Nf6 4.
a4 d6 5. Bb5 Bd7 6. d3 a6 7.
Bxc6 Bxc6 8. Bf4 e6 9. O-O Be7 10. e5 dxe5 11. Nxe5 Qc7 12. Nxc6 Qxf4 13. Nxe7 Kxe7 14. Ne2 Qc7 15. Ng3 Rad8 16. Qe2 b6 17. b3 a5 18. Qe3 h6 19. Rfe1 Rd6 20. Nf5+ Kd7 21. Nxd6 Qxd6 22. Qe5 Qxe5 23. Rxe5 Kd6 24. Rae1 Ng4 25. R5e4 Nf6 26. Rf4 g5 27. Rf3 Ke7 28.
Rfe3 Nd5 29. R3e2 Kd6 30. Rd2 Re8 31. d4 f5 32. dxc5+ Kxc5 33. Re5 Kc6 34. Rdxd5 f4 35. Rb5 Kb7 36. Kf1 Re7 37. Ke2 Ka6 38. c4 Kb7 39. c5 1-0

[Event "Rapid della Domenica"]
[Site "Chess.com"]
[Date "2020.04.19"]
[Round "1"]
[White "BAKR1980"]
[Black "ottovolante"]
[Result "1-0"]
[WhiteElo "1543"]
[BlackElo "1016"]
[TimeControl "720+3"]
[EndTime "6:15:16 PDT"]
[Termination "BAKR1980 ha vinto per scaccomatto"]

1. e4 e5 2. Nf3 Nc6 3. Bc4 Bc5 4. d4 Nxd4 5. Bxf7+ Kxf7 6. Nxe5+ Kf8 7. O-O Nf6 8.
Bg5 d6 9. Nf3 Bg4 10. Nbd2 h6 11. Bh4 g5 12. Bg3 Bxf3 13. Nxf3 Qd7 14. Nxd4 Bxd4 15.
Qxd4 Kg7 16. Rad1 Rhf8 17. e5 dxe5 18. Qxd7+ Nxd7 19. Rxd7+ Kf6 20. Rxc7 Rad8 21. Re1 Rd2 22. c4 Rxb2 23. Bxe5+ Kf5 24. Bxb2 Rd8 25. Re5+ Kg4 26.
h3+ Kh5 27. Rh7 Rd1+ 28. Kh2 Rd2 29. Re6 Rxb2 30. Rhxh6# 1-0

[Event "Rapid della Domenica"]
[Site "Chess.com"]
[Date "2020.04.19"]
[Round "1"]
[White "Ollarov"]
[Black "sergiodone"]
[Result "1-0"]
[WhiteElo "2018"]
[BlackElo "1354"]
[TimeControl "720+3"]
[EndTime "6:19:42 PDT"]
[Termination "Ollarov ha vinto per abbandono"]

1. e4 g5 2. d4 h6 3. b3 Bg7 4.
Bb2 c5 5. c3 b6 6. h4 Bb7 7.
Nd2 e5 8. dxe5 Bxe5 9. Nc4 Qe7 10. Nf3 Bf4 11. e5 g4 12. Nd6+ Kf8 13. Nxb7 gxf3 14.
Qxf3 Qxe5+ 15. Be2 Nc6 16. g3 Qc7 17. gxf4 Qxb7 18. c4 f6 19. O-O-O h5 20. Qd5 Nge7 21.
Qd6 Ke8 22. Qxf6 Rh7 23. Bf3 Rf7 24. Bxh5 Nd8 25. Qh8+ Ng8 26. Qxg8+ Ke7 27. Rhe1+ Ne6 28. Qxf7+ Kd8 29. Qe8+ 1-0

[Event "Rapid della Domenica"]
[Site "Chess.com"]
[Date "2020.04.19"]
[Round "1"]
[White "moha1812med"]
[Black "Piccolorso"]
[Result "1-0"]
[WhiteElo "1476"]
[BlackElo "1420"]
[TimeControl "720+3"]
[EndTime "6:20:52 PDT"]
[Termination "moha1812med ha vinto per abbandono"]

1. d4 Nf6 2. c4 e6 3. Nc3 Bb4 4. Bd2 c5 5. a3 cxd4 6. axb4 dxc3 7.
Bxc3 O-O 8. Nf3 Qc7 9. e3 d5 10. c5 a6 11. Be2 Bd7 12. O-O Nc6 13. b5 axb5 14. Rxa8 Rxa8 15. Bxb5 Ne4 16. Bxc6 Nxc3 17.
Qd4 Bxc6 18. Qxc3 f6 19. Nd4 Qd7 20. b4 e5 21. Nxc6 bxc6 22. Ra1 Rxa1+ 23. Qxa1 Qb7 24. Qa2 Qxb4 25. Qa8+ Kf7 26. Qxc6 Kg6 27. h3 d4 28. Qe8+ Kg5 29. exd4 exd4 30. c6 Qe1+ 1-0

[Event "Rapid della Domenica"]
[Site "Chess.com"]
[Date "2020.04.19"]
[Round "1"]
[White "SanSecondoPR"]
[Black "ferrariand"]
[Result "0-1"]
[WhiteElo "1117"]
[BlackElo "1578"]
[TimeControl "720+3"]
[EndTime "6:21:00 PDT"]
[Termination "ferrariand ha vinto per abbandono"]

1. e4 e5 2. d4 exd4 3. c3 dxc3 4.
Bc4 cxb2 5. Bxb2 d5 6. exd5 Nf6 7. Nd2 Bd6 8. Ngf3 O-O 9. O-O Bb4 10. Qb3 a5 11. a3 Bxd2 12. Nxd2 c6 13. Nf3 cxd5 14. Bd3 Nc6 15. Ne5 Nxe5 16. Bxe5 a4 17. Qb2 Re8 18. f4 Re6 19. Rac1 Qb6+ 20. Qxb6 Rxb6 21. Rc7 Rc6 22. Rc1 Rxc1+ 23. Rxc1 Be6 24. Rc7 b6 25. f5 Bc8 26.
Bb5 Bxf5 27. Rb7 Ng4 28. Bd4 Rc8 29. Bb2 Be4 30. Bd7 Rd8 31. Bxg4 d4 32. Bxd4 Bxb7 33.
Be3 b5 34. Bc5 Rd2 35. Bf3 Bxf3 36. gxf3 Rd3 37. Kg2 f6 38. Bb4 Kf7 39. h4 Ke6 40. Kg3 g6 41. Kf4 Rd4+ 42. Ke3 Rxb4 43. axb4 0-1

[Event "Rapid della Domenica"]
[Site "Chess.com"]
[Date "2020.04.19"]
[Round "1"]
[White "Mrtre7"]
[Black "pedrak"]
[Result "1-0"]
[WhiteElo "1615"]
[BlackElo "1513"]
[TimeControl "720+3"]
[EndTime "6:23:57 PDT"]
[Termination "Mrtre7 ha vinto per abbandono"]

1. d4 d5 2. c4 e6 3. Nc3 c6 4. e3 f5 5. Bd3 Nf6 6. f3 Be7 7. Nge2 O-O 8. O-O Qe8 9. cxd5 exd5 10. e4 fxe4 11. fxe4 dxe4 12. Nxe4 Bg4 13. Qb3+ Kh8 14.
N2g3 b6 15. Bg5 Nd5 16. Bxe7 Rxf1+ 17. Rxf1 Qxe7 18. Ng5 h6 19. Nf7+ Kg8 20. Ne5 Be6 21. Nf5 Bxf5 22. Bxf5 a5 23. Nxc6 Qe3+ 24. Qxe3 Nxe3 25.
Ne7+ Kf7 26. Be4+ Kxe7 27. Bxa8 Nxf1 28. Kxf1 Kd6 29. Ke2 Na6 30. a3 Nc7 31. Bf3 Ne6 32. Kd3 Ng5 33. Kc4 Ne6 34. b3 Nf4 35. Kb5 Kc7 36. d5 Nd3 37. d6+ Kxd6 38. Kxb6 a4 39. b4 Ne5 40. Ka5 g5 41. h3 Kc7 42. Kxa4 Kb6 43.
Kb3 Nd3 44. Kc3 Ne5 45. Kd4 Nd7 46. a4 Nf6 47. Ke5 Nd7+ 48. Kf5 Nf8 49. Kf6 Kc7 50. Kg7 Ne6+ 51. Kxh6 g4 52. hxg4 Nd4 53. g5 Kd7 54. g6 Ke7 55. Kh7 1-0

[Event "Rapid della Domenica"]
[Site "Chess.com"]
[Date "2020.04.19"]
[Round "2"]
[White "BAKR1980"]
[Black "Ollarov"]
[Result "0-1"]
[WhiteElo "1531"]
[BlackElo "2023"]
[TimeControl "720+3"]
[EndTime "6:29:41 PDT"]
[Termination "Ollarov ha vinto per abbandono"]

1. e4 c5 2. Nf3 e6 3. d4 cxd4 4. Nxd4 Nc6 5. Nc3 Qc7 6. Be3 a6 7. Bd3 Nf6 8. Qd2 Ng4 9. O-O-O Nxe3 10. Qxe3 Bc5 11. Be2 Qe5 12. f4 Bxd4 13. Rxd4 Qxd4 14. Qg3 O-O 15. Rd1 Qc5 16. h4 Nd4 17. Bd3 b5 18. e5 Bb7 19. Ne4 Bxe4 20. Bxe4 Ne2+ 0-1

[Event "Rapid della Domenica"]
[Site "Chess.com"]
[Date "2020.04.19"]
[Round "2"]
[White "moha1812med"]
[Black "crippo"]
[Result "0-1"]
[WhiteElo "978"]
[BlackElo "1629"]
[TimeControl "720+3"]
[EndTime "6:30:22 PDT"]
[Termination "crippo ha vinto per scaccomatto"]

1. d4 d5 2. c4 c6 3. Nf3 Nf6 4. Bf4 Ne4 5. Bg5 f6 6. Bf4 g5 7.
Bd2 h5 8. Bb4 e6 9. Bxf8 Rxf8 10. Nfd2 f5 11. Nxe4 fxe4 12. e3 g4 13. g3 Qf6 14. Bg2 Qxf2# 0-1

[Event "Rapid della Domenica"]
[Site "Chess.com"]
[Date "2020.04.19"]
[Round "2"]
[White "sergiodone"]
[Black "ottovolante"]
[Result "1-0"]
[WhiteElo "1356"]
[BlackElo "1015"]
[TimeControl "720+3"]
[EndTime "6:34:50 PDT"]
[Termination "sergiodone ha vinto per abbandono"]

1. e4 e5 2. d4 d6 3. Nf3 Nc6 4.
Bc4 h6 5. h3 Nf6 6. Nbd2 a6 7.
d5 Na5 8. Be2 Bd7 9. b4 Bb5 10.
bxa5 Bxe2 11. Qxe2 Qd7 12. a4 Be7 13. c4 Nh5 14.
Nf1 Nf4 15. Bxf4 exf4 16. N1h2 g5 17. e5 Bf6 18. O-O dxe5 19. Ng4 O-O-O 20. Nxf6 Qf5 21.
Qxe5 Qxe5 22. Nxe5 c6 23. Nxf7 Rdf8 24. Nxh8 Rxf6 25.
Rfe1 1-0

[Event "Rapid della Domenica"]
[Site "Chess.com"]
[Date "2020.04.19"]
[Round "2"]
[White "ferrariand"]
[Black "MartinoMontepietra"]
[Result "1-0"]
[WhiteElo "1578"]
[BlackElo "732"]
[TimeControl "720+3"]
[EndTime "6:42:47 PDT"]
[Termination "ferrariand ha vinto per scaccomatto"]

1. e4 g6 2. d4 Bg7 3. Nf3 Nf6 4. Nc3 O-O 5. Bc4 a5 6. O-O c6 7. e5 Ne8 8. Ng5 h6 9. Nf3 b5 10. Bd3 b4 11. Ne4 d6 12. Be3 Bg4 13. h3 Be6 14. Qd2 c5 15. dxc5 d5 16. Ng3 Nd7 17. Bxh6 f6 18. Bxg7 Kxg7 19. exf6+ Rxf6 20. c6 Nc5 21. Nh5+ Kf8 22. Nxf6 exf6 23. Qh6+ Ke7 24. Bxg6 Kd6 25. Nd4 Bg8 26. Qf4+ Ke7 27. Rfe1+ Kf8 28. Bxe8 Qxe8 29.
Rxe8+ Rxe8 30. Qxf6+ Bf7 31. Qd6+ Kg8 32. Qxc5 Rc8 33.
c7 Rf8 34. c8=Q Rxc8 35. Qxc8+ Kg7 36. Re1 a4 37. Re7 b3 38. axb3 a3 39. bxa3 Kf6 40.
Rxf7+ Kxf7 41. Qe6+ Kg7 42. Nf5+ Kh7 43. Qh6+ Kg8 44.
Qg7# 1-0

[Event "Rapid della Domenica"]
[Site "Chess.com"]
[Date "2020.04.19"]
[Round "2"]
[White "pedrak"]
[Black "sirmale49"]
[Result "1-0"]
[WhiteElo "1561"]
[BlackElo "1366"]
[TimeControl "720+3"]
[EndTime "6:45:15 PDT"]
[Termination "pedrak ha vinto per tempo"]

1. d4 d5 2. Nf3 Bf5 3. Bf4 Nf6 4. e3 e6 5. Be2 Bd6 6. Ne5 Nbd7 7. g4 Bg6 8. h4 h6 9. Nxg6 fxg6 10. c3 Bxf4 11. exf4 Ne4 12. Nd2 Nd6 13. Qc2 Qf6 14. O-O-O O-O-O 15. Qa4 Kb8 16. Bb5 Nb6 17. Qb3 c6 18.
Bd3 Qxf4 19. a4 Nbc4 20. Kc2 Na5 21. Qb4 b6 22. Nb3 Nac4 23. Rhf1 Kc7 24. f3 Qh2+ 25. Rd2 Nxd2 26. Nxd2 a5 27. Qb3 Rhf8 28. Kc1 Qxh4 29.
Qd1 Rf4 30. Qe2 Re8 31. Bxg6 Qf6 32. Bxe8 Nxe8 33. Qa6 Nd6 34. Qe2 Nc4 35. Nxc4 dxc4 36. Qxc4 Rxf3 37. Rxf3 Qxf3 38. Qxe6 1-0

[Event "Rapid della Domenica"]
[Site "Chess.com"]
[Date "2020.04.19"]
[Round "2"]
[White "OMatteoWuO"]
[Black "fausto2p"]
[Result "1-0"]
[WhiteElo "1174"]
[BlackElo "886"]
[TimeControl "720+3"]
[EndTime "6:46:59 PDT"]
[Termination "OMatteoWuO ha vinto per tempo"]

1. d4 d5 2. c4 c6 3. Nc3 Nf6 4. Nf3 e6 5. Bg5 h6 6. Bxf6 Qxf6 7. e3 Bb4 8. Qc2 O-O 9. a3 Bxc3+ 10. Qxc3 Nd7 11. Bd3 dxc4 12. Bxc4 Nb6 13. Be2 Nd5 14. Qc2 Qe7 15. O-O Qd6 16. b4 a6 17. Bc4 b5 18.
Bd3 Bb7 19. Ne5 Rac8 20. Rac1 Ne7 21. f4 f5 22. Qe2 Rf6 23. h3 Qc7 24. g4 a5 25.
gxf5 1-0

[Event "Rapid della Domenica"]
[Site "Chess.com"]
[Date "2020.04.19"]
[Round "2"]
[White "Piccolorso"]
[Black "SanSecondoPR"]
[Result "0-1"]
[WhiteElo "1287"]
[BlackElo "1179"]
[TimeControl "720+3"]
[EndTime "6:48:13 PDT"]
[Termination "SanSecondoPR ha vinto per abbandono"]

1. e4 e5 2. Nf3 Nc6 3. Bb5 Nge7 4. c3 g6 5. Bc4 Bg7 6. d4 O-O 7. O-O d6 8. Bg5 Kh8 9. Qd2 f6 10. Bh4 Bg4 11. Qe3 f5 12. Bxe7 Nxe7 13. exf5 Nxf5 14. Qe4 c6 15. Ng5 Nh6 16. Ne6 Bxe6 17. Bxe6 d5 18.
Qd3 e4 19. Qe2 Qf6 20. Bh3 Rae8 21. Nd2 Nf7 22. g3 Ng5 23. Bg2 h5 24. h4 Nh7 25.
Nb3 Bh6 26. Rae1 Qf7 27. Nc5 b6 28. Nb3 g5 29. f3 gxh4 30. fxe4 Qg7 31. Rxf8+ Rxf8 32. gxh4 Nf6 33. exd5 cxd5 34. Nd2 Ng4 35. Rf1 Bxd2 36.
Qxd2 Rxf1+ 37. Kxf1 Qf6+ 38. Ke2 Qf2+ 39. Kd3 Qg3+ 40.
Kc2 Ne3+ 41. Kb3 Nxg2 42. Qh6+ Kg8 43. Qe6+ Kg7 44. Qe7+ Kg6 45. Qg5+ Qxg5 46. hxg5 h4 47. c4 dxc4+ 48. Kxc4 h3 49. d5 h2 50. d6 h1=Q 51.
d7 0-1

[Event "Rapid della Domenica"]
[Site "Chess.com"]
[Date "2020.04.19"]
[Round "2"]
[White "caramante"]
[Black "Mrtre7"]
[Result "1-0"]
[WhiteElo "1514"]
[BlackElo "1396"]
[TimeControl "720+3"]
[EndTime "6:48:43 PDT"]
[Termination "caramante ha vinto per abbandono"]

1. Nf3 d5 2. d4 Nf6 3. g3 c6 4. Bg2 Bg4 5. Nbd2 Nbd7 6. O-O e6 7. Re1 Bd6 8. c3 O-O 9. Qb3 c5 10. h3 Bf5 11. Nh4 Bg6 12. Nxg6 fxg6 13. e4 cxd4 14. cxd4 e5 15. exd5 exd4 16. Ne4 Nc5 17. Nxc5 Bxc5 18. Bg5 Qb6 19. Qxb6 Bxb6 20. Re7 d3 21. Rd1 Nh5 22. Be3 Bxe3 23. Rxe3 Rad8 24. Rdxd3 Nf6 25. d6 Rfe8 26.
Rxe8+ Rxe8 27. Bxb7 Rd8 28. f4 Kf7 29. Kf2 Ke6 30. Ke3 Rb8 31. Rb3 Kxd6 32. g4 Re8+ 33. Kd4 Re2 34. Kd3 Rh2 35. Kc4 Rf2 36. Rd3+ Kc7 37.
Bf3 Rxb2 38. Ra3 Kb6 39. Kd4 Rd2+ 40. Ke5 h6 41. Ke6 Rh2 42. Ba8 Re2+ 43. Kf7 Rf2 44. Kxg6 Rxf4 45. Kxg7 Nxg4 46. hxg4 Rxg4+ 47. Kxh6 Rh4+ 48. Kg5 Rh8 49. Bf3 Rg8+ 50. Kf6 Rf8+ 51. Ke7 Rf4 52. Rb3+ Kc5 53. Ke6 Rb4 54. Rxb4 Kxb4 55. Bd5 a5 56. Kd6 a4 57. Kc6 Ka5 58. Kc5 a3 59. Kc4 Ka4 60. Kc3 Kb5 61. Kb3 Kc5 62. Bg8 Kb6 63. Kxa3 Ka5 64. Bf7 Ka6 65. Kb4 Kb6 66. a4 Ka6 67. Bd5 Ka7 68. Kb5 Kb8 69. Kb6 Kc8 1-0

[Event "Rapid della Domenica"]
[Site "Chess.com"]
[Date "2020.04.19"]
[Round "3"]
[White "SanSecondoPR"]
[Black "pedrak"]
[Result "0-1"]
[WhiteElo "1170"]
[BlackElo "1576"]
[TimeControl "720+3"]
[EndTime "6:55:21 PDT"]
[Termination "pedrak ha vinto per abbandono"]

1. e4 d5 2. Nf3 dxe4 3. Ng5 Nf6 4. d3 Bf5 5. Nc3 exd3 6. Bxd3 Bxd3 7. cxd3 e6 8. O-O c6 9. Qb3 Qb6 10. Qc2 Be7 11. Be3 Qc7 12. Rad1 Nbd7 13. d4 h6 14. Nf3 Rc8 15. Qe2 Nb6 16. Ne5 Nbd5 17. Bf4 Nxf4 0-1

[Event "Rapid della Domenica"]
[Site "Chess.com"]
[Date "2020.04.19"]
[Round "3"]
[White "FrancescoZasa"]
[Black "sergiodone"]
[Result "0-1"]
[WhiteElo "738"]
[BlackElo "1357"]
[TimeControl "720+3"]
[EndTime "6:59:49 PDT"]
[Termination "sergiodone ha vinto per scaccomatto"]

1. d4 Nf6 2. Nf3 c5 3. Nc3 b6 4. e3 d6 5. dxc5 bxc5 6. e4 Nbd7 7. Bb5 g6 8. O-O Bg7 9. Qe1 O-O 10. Qd1 Bb7 11. Re1 a6 12. Bxd7 Nxd7 13. a3 Qc7 14.
b4 cxb4 15. axb4 Qxc3 16. Bb2 Qxb2 17. Rb1 Qc3 18. Qd3 Qc7 19. h3 Ne5 20. Nxe5 Bxe5 21.
g3 Qb6 22. Qe3 Qxe3 23. Rxe3 f5 24. Rc3 Bxe4 25. Rcb3 Bxc2 26. g4 fxg4 27. hxg4 Bxb1 28. Rxb1 Rab8 29. f3 Rb5 30. Kg2 Rfb8 31. Ra1 Bxa1 32. Kg3 Rxb4 33. f4 e6 34. g5 Rc8 35. Kg4 Kg7 36.
Kf3 Rc3+ 37. Kg4 Rb1 38. Kh4 Rh1+ 39. Kg4 Rcc1 40. Kg3 Rhg1+ 41. Kh2 Bd4 42. Kh3 Rc2 43. Kh4 Rh2# 0-1

[Event "Rapid della Domenica"]
[Site "Chess.com"]
[Date "2020.04.19"]
[Round "3"]
[White "OMatteoWuO"]
[Black "BAKR1980"]
[Result "0-1"]
[WhiteElo "1168"]
[BlackElo "1543"]
[TimeControl "720+3"]
[EndTime "7:00:28 PDT"]
[Termination "BAKR1980 ha vinto per abbandono"]

1. d4 Nf6 2. c4 d5 3. Nc3 c6 4. Nf3 Bg4 5. e3 e6 6. Be2 Bd6 7. h3 Bh5 8. cxd5 cxd5 9. b3 Qa5 10. Bd2 Bb4 11. Qc2 Nbd7 12. O-O Rc8 13. Rac1 Ne4 14. Qb2 Nxc3 15. Rxc3 Bxc3 16. Bxc3 Qxc3 17. Qxc3 Rxc3 18. Bb5 Bxf3 19. gxf3 Rc2 20. a4 a6 21. Bxd7+ Kxd7 22. Rb1 Rhc8 23. Kg2 Rd2 24. Kg3 Rcc2 25. Rf1 Rb2 26.
f4 0-1

[Event "Rapid della Domenica"]
[Site "Chess.com"]
[Date "2020.04.19"]
[Round "3"]
[White "Ollarov"]
[Black "ferrariand"]
[Result "1-0"]
[WhiteElo "2031"]
[BlackElo "1576"]
[TimeControl "720+3"]
[EndTime "7:02:13 PDT"]
[Termination "Ollarov ha vinto per abbandono"]

1. e4 e5 2. Nf3 Nc6 3. Bb5 Nf6 4. O-O Nxe4 5. d4 Nd6 6. Bxc6 dxc6 7. dxe5 Nf5 8. Qxd8+ Kxd8 9. h3 Be6 10. Nc3 h6 11. g4 Ne7 12. Nd4 Bc4 13. Rd1 Nd5 14. Ne4 Be7 15.
b3 Ba6 16. c4 Nb4 17. Ne6+ Kc8 18. Nxg7 Rd8 19. Rxd8+ Kxd8 20. Bxh6 Bf8 21. Ne6+ fxe6 22.
Bxf8 Ke8 23. Bxb4 1-0

[Event "Rapid della Domenica"]
[Site "Chess.com"]
[Date "2020.04.19"]
[Round "3"]
[White "crippo"]
[Black "caramante"]
[Result "1/2-1/2"]
[WhiteElo "1613"]
[BlackElo "1527"]
[TimeControl "720+3"]
[EndTime "7:06:10 PDT"]
[Termination "Patta d'accordo"]

1. e4 c5 2. Nc3 d6 3. Nf3 e6 4. Be2 Nf6 5. d3 a6 6. O-O Be7 7. h3 Nc6 8. Be3 Bd7 9. Nh2 O-O 10. f4 b5 11. Bf2 Qc7 12. Ng4 Nxg4 13. Bxg4 Nd4 14. Ne2 e5 15. f5 Bf6 16. c3 Nc6 17. Ng3 Bh4 18. Nh5 Bxf2+ 19. Rxf2 f6 20.
h4 Be8 21. Bh3 Qf7 22. Ng3 Kh8 23. Bg4 Rg8 24. Kh2 Ra7 25. Qd2 b4 26. Rh1 bxc3 27.
bxc3 Rb7 28. Qc2 Rd7 29. Rb1 d5 30. Rb6 Nd8 31. Rxa6 Ra7 32. Rxa7 Qxa7 33. Bh5 Bxh5 34. Nxh5 dxe4 35. dxe4 Nf7 36. Rd2 Nh6 37. Kh3 c4 38.
Re2 Rd8 39. g3 Rd3 40. Qc1 Qf7 41. Nf4 exf4 42. Qxf4 Rxc3 43. Rb2 Ng8 44. a4 h5 45. a5 Qa7 46. Ra2 Rb3 47. e5 c3 48.
Qf3 Qg1 49. Qxh5+ Nh6 50. Qe8+ Kh7 51. Qg6+ Kh8 52. Qe8+ Kh7 53. Qg6+ Kh8 1/2-1/2

[Event "Rapid della Domenica"]
[Site "Chess.com"]
[Date "2020.04.19"]
[Round "3"]
[White "ottovolante"]
[Black "Piccolorso"]
[Result "0-1"]
[WhiteElo "1012"]
[BlackElo "1313"]
[TimeControl "720+3"]
[EndTime "7:11:16 PDT"]
[Termination "Piccolorso ha vinto per scaccomatto"]

1. e4 c5 2. Nf3 Nc6 3. Bc4 e6 4. e5 d5 5. Be2 g6 6. a3 Bg7 7. Bb5 Qc7 8. O-O Ne7 9. Qe1 O-O 10.
Bxc6 Nxc6 11. d3 Nxe5 12. Nxe5 Bxe5 13. g3 d4 14. Bf4 Bxf4 15. gxf4 Qxf4 16. Qe4 Qxe4 17.
dxe4 e5 18. Nd2 f5 19. f3 b6 20. Nc4 Ba6 21. Nxe5 Bxf1 22. Rxf1 fxe4 23. f4 g5 24. f5 e3 25. f6 Rae8 26. f7+ Kg7 27. fxe8=Q Rxe8 28. Nd3 c4 29. Nb4 d3 30. cxd3 a5 31.
Nd5 cxd3 32. Nxe3 Rxe3 33. Rd1 Kf6 34. Kf2 Re2+ 35. Kg1 Rxb2 36. Rxd3 a4 37. Rd6+ Kf5 38. Rd5+ Kg4 39. Rd4+ Kh5 40. h3 Rb3 41. Kg2 Rxa3 42.
Rd7 h6 43. Rd6 b5 44. Rb6 Rb3 45. Kf2 Rxh3 46. Rxb5 Ra3 47. Rb4 g4 48. Rf4 Kg5 49.
Rd4 Rf3+ 50. Ke2 a3 51. Ra4 h5 52. Ra5+ Kh4 53. Ra4 Kg3 54. Kd2 h4 55. Kc2 h3 56.
Kc1 h2 57. Kb1 Rf1+ 58. Ka2 h1=Q 59. Kb3 Qf3+ 60. Kc4 Qe4+ 61. Kb5 Qxa4+ 62. Kxa4 Ra1 63. Kb3 Kf3 64. Kc2 g3 65. Kd2 Ra2+ 66. Kc1 Re2 67. Kb1 a2+ 68. Ka1 Re1+ 69. Kxa2 Re3 70. Kb2 g2 71. Kc2 g1=Q 72. Kb2 Qf2+ 73. Kb1 Re1# 0-1

[Event "Rapid della Domenica"]
[Site "Chess.com"]
[Date "2020.04.19"]
[Round "3"]
[White "Mrtre7"]
[Black "moha1812med"]
[Result "1-0"]
[WhiteElo "1430"]
[BlackElo "926"]
[TimeControl "720+3"]
[EndTime "7:17:33 PDT"]
[Termination "Mrtre7 ha vinto per abbandono"]

1. d4 Nf6 2. c4 g6 3. Nc3 Bg7 4.
e4 d6 5. Nf3 O-O 6. Be2 Nbd7 7.
O-O e5 8. Be3 Ng4 9. Bg5 Bf6 10.
Bxf6 Ngxf6 11. Qd2 Ng4 12. Rad1 exd4 13. Nxd4 Nde5 14.
h3 c5 15. Ndb5 Nf6 16. Nxd6 Qa5 17. Qg5 Ned7 18. f4 Qb6 19. e5 Ne8 20. Nxc8 Rxc8 21. Rxd7 Qe6 22. Rfd1 Ng7 23. Bg4 Qa6 24. Rd8 Rcxd8 25.
Rxd8 Rxd8 26. Qxd8+ Ne8 27. Qxe8+ Kg7 28. Nd5 h5 29.
Bf3 Qxa2 30. Qe7 Qb1+ 31. Kh2 Qf5 32. Qf6+ Qxf6 33. Nxf6 Kf8 34. Bxb7 Ke7 35. Kg3 Ke6 36. Kf3 Kf5 37. g4+ hxg4+ 38. hxg4+ Ke6 39. Bc8+ Ke7 40. Ke4 Kd8 41. Bd7 Kc7 42. Kd5 g5 43. fxg5 a5 44.
Kxc5 a4 45. Bxa4 Kb7 46. b4 Ka6 47. Be8 Kb7 48. Bxf7 Kc8 49. e6 Kd8 50. Kd6 Kc8 51. e7 Kb7 52. e8=Q Ka7 1-0

[Event "Rapid della Domenica"]
[Site "Chess.com"]
[Date "2020.04.19"]
[Round "4"]
[White "moha1812med"]
[Black "FrancescoZasa"]
[Result "1-0"]
[WhiteElo "1011"]
[BlackElo "690"]
[TimeControl "720+3"]
[EndTime "7:28:40 PDT"]
[Termination "moha1812med ha vinto per scaccomatto"]

1. d4 d5 2. c4 dxc4 3. e3 b5 4. Nc3 a6 5. a3 Nf6 6. Nf3 e6 7. Be2 h6 8. O-O g5 9. h3 Bd6 10. e4 O-O 11. e5 Be7 12. exf6 Bxf6 13. Qc2 a5 14. Nxb5 Qxd4 15. Nfxd4 Bxd4 16. Qe4 Rd8 17. Qxa8 Bg7 18. Qxb8 Bf6 19. Rd1 Rxd1+ 20. Bxd1 c6 21. Qxc8+ Kg7 22. Nd6 Be5 23. Ne8+ Kg6 24. Bc2+ Kh5 25.
Qa6 c3 26. Qe2+ Kh4 27. Qg4# 1-0

[Event "Rapid della Domenica"]
[Site "Chess.com"]
[Date "2020.04.19"]
[Round "4"]
[White "MartinoMontepietra"]
[Black "OMatteoWuO"]
[Result "0-1"]
[WhiteElo "717"]
[BlackElo "1172"]
[TimeControl "720+3"]
[EndTime "7:30:26 PDT"]
[Termination "OMatteoWuO ha vinto per scaccomatto"]

1. e4 c5 2. Nc3 Nc6 3. b3 Nf6 4. a3 d6 5. b4 cxb4 6. axb4 Nxb4 7. Ra4 Nc6 8. Bb5 Bd7 9. Ba3 a6 10. Bc4 b5 11. Nxb5 axb5 12. Bxb5 Rxa4 13. Bxa4 Qa5 14.
Ne2 Qxa4 15. Bb2 Qxe4 16. Qa1 e6 17. O-O Qxe2 18. Bc1 Ne4 19. d3 Nd2 20. Qc3 Nxf1 21. Qd2 Nxd2 22. h3 Qf1+ 23. Kh2 Nf3+ 24. gxf3 Qxf2+ 25. Kh1 e5 26. d4 Qxf3+ 27. Kh2 Bxh3 28. dxe5 Qg2# 0-1

[Event "Rapid della Domenica"]
[Site "Chess.com"]
[Date "2020.04.19"]
[Round "4"]
[White "crippo"]
[Black "Ollarov"]
[Result "0-1"]
[WhiteElo "1603"]
[BlackElo "2040"]
[TimeControl "720+3"]
[EndTime "7:37:11 PDT"]
[Termination "Ollarov ha vinto per scaccomatto"]

1. e4 c5 2. Nc3 e6 3. Nf3 Nc6 4. Bb5 Nd4 5. Nxd4 cxd4 6. Ne2 Qg5 7. O-O Qxb5 8. Nxd4 Qe5 9. Nf3 Qxe4 10. d3 Qc6 11. Ne5 Qd5 12. d4 d6 13. c4 Qe4 14.
Nf3 Nf6 15. Re1 Qg6 16. d5 Be7 17. dxe6 fxe6 18. Nd4 e5 19. Nb5 O-O 20. Nc7 Rb8 21. Be3 b6 22. Nb5 a6 23. Nxd6 Rd8 24. c5 Be6 25. b4 bxc5 26. bxc5 Bd5 27. g3 Bxd6 28. cxd6 Rxd6 29. Qa4 Rbd8 30. Bc5 R6d7 31. Bb6 Rc8 32. Rxe5 Bc4 33. Rae1 Bb5 34. Qb3+ Qf7 35. Qb1 Bd3 36. Qb2 h6 37. Bd4 Ng4 38. Re6 Rc2 39. Qb8+ Kh7 40. Qb6 Rxd4 41. Qxd4 Nxf2 42. Re7 Nh3+ 43.
Kh1 Qf3# 0-1

[Event "Rapid della Domenica"]
[Site "Chess.com"]
[Date "2020.04.19"]
[Round "4"]
[White "ferrariand"]
[Black "caramante"]
[Result "0-1"]
[WhiteElo "1564"]
[BlackElo "1576"]
[TimeControl "720+3"]
[EndTime "7:38:15 PDT"]
[Termination "caramante ha vinto per abbandono"]

1. e4 c5 2. Nf3 d6 3. d4 cxd4 4. Nxd4 Nf6 5. Nc3 a6 6. Be2 e6 7. O-O Be7 8. Be3 Qc7 9. a4 O-O 10. Bf3 Nc6 11. Qd2 Ne5 12. Be2 Bd7 13. f4 Neg4 14.
Bxg4 Nxg4 15. Nb3 Nxe3 16. Qxe3 Rac8 17. Rfd1 Rfd8 18. Kh1 Bc6 19. a5 h6 20. Nd4 Bf6 21.
Nxc6 Qxc6 22. Rd3 Rb8 23. Qe2 b5 24. Rad1 Be7 25. Rg3 Rbc8 26. Qg4 Bf8 27. Qh5 Kh8 28.
Qxf7 b4 29. f5 bxc3 30. f6 Rc7 31. fxg7+ Bxg7 32. Qxe6 Re8 33. Qg6 Qxe4 34. Qxd6 Qe1+ 0-1

[Event "Rapid della Domenica"]
[Site "Chess.com"]
[Date "2020.04.19"]
[Round "4"]
[White "Piccolorso"]
[Black "sirmale49"]
[Result "0-1"]
[WhiteElo "1261"]
[BlackElo "1379"]
[TimeControl "720+3"]
[EndTime "7:38:39 PDT"]
[Termination "sirmale49 ha vinto per abbandono"]

1. e4 d5 2. exd5 Qxd5 3. Nc3 Qd6 4. d4 c6 5. Nf3 Bg4 6. Bc4 Nf6 7. Be3 e6 8. Be2 Nbd7 9. Qd2 Nd5 10. h3 Bh5 11. g4 Bg6 12. Nh4 Nxc3 13. Qxc3 Be4 14. f3 Bd5 15. Bc4 Be7 16. O-O-O Bxh4 17. Rhf1 Nb6 18. Bxd5 Nxd5 19. Qb3 O-O 20. f4 Nxe3 21. Qxe3 Qd5 22.
Kb1 Be7 23. f5 Qd6 24. fxe6 fxe6 25. Rfe1 Rf6 26. c3 Re8 27. Qd2 Bd8 28. Qg2 Ref8 29.
h4 Rf2 30. Qg1 Bxh4 31. g5 Qf4 32. g6 Qf5+ 33. Ka1 hxg6 34. Qh1 g5 35. a3 Qb5 36.
Rb1 c5 37. dxc5 Qxc5 38. Qxb7 R2f7 39. Qe4 Bxe1 40. Rxe1 0-1